 Dungeon Crawl Stone Soup version 0.18-a0-1562-gac8da35 (webtiles) character file.

157744 dvd the Stickfighter (level 18, -2/149 HPs)
             Began as a Formicid Fighter on Mar 13, 2016.
             Was the Champion of Okawaru.
             Shot with an arrow by a naga sharpshooter (10 damage)
             ... on level 4 of the Snake Pit on Mar 14, 2016.
             The game lasted 01:54:04 (25179 turns).

dvd the Stickfighter (Formicid Fighter)            Turns: 25179, Time: 01:54:04

Health: -2/149     AC: 32    Str: 31    XL:     18   Next: 33%
Magic:  17/20      EV: 18    Int: 10    God:    Okawaru [******]
Gold:   1776       SH: 28    Dex: 24    Spells: 0 memorised, 17 levels left

rFire  + . .     SeeInvis +     a - +7 lajatang (speed)
rCold  + + +     Gourm    +     S - +1 crystal plate armour of the Slug {rElec rC+}
rNeg   + . .     Faith    .     p - +4 large shield "Efirr" {rC+}
rPois  .         Spirit   .     (helmet unavailable)
rElec  +         Dismiss  .     k - +2 cloak
rCorr  .         Reflect  .     o - +1 pair of gloves of Gravity {-Cast rPois Regen+ Dex+5}
SustAt .         Harm     .     O - +2 pair of boots
MR     ++...     NoCast   +     h - amulet "Omevos" {Gourm rC+ rN+}
Stlth  ..........               u - ring of the Octopus King {rF+ AC+1 EV+1 Str+1 Int+1 Dex+1}
                                C - ring of protection from magic

@: mighty, agile, poison vulnerable, very resistant to hostile enchantments,
extremely unstealthy
A: permanent stasis, dig shafts and tunnels, four strong arms, antennae 3
a: Dig, Shaft Self, Heroism, Finesse, Renounce Religion


You were on level 4 of the Snake Pit.
You worshipped Okawaru.
Okawaru was exalted by your worship.
You were very full.

You visited 4 branches of the dungeon, and saw 24 of its levels.
You visited 1 bazaar.
You also visited: Labyrinth, Sewer and Ice Cave.

You collected 2149 gold pieces.
You spent 373 gold pieces at shops.

Inventory:

Hand Weapons
 a - a +7 lajatang of speed (weapon)
 b - a +0 hunting sling of velocity
 P - a +1 quarterstaff of crushing
 U - a +2 vampiric lajatang
Missiles
 c - 14 silver sling bullets
 g - 11 tomahawks (quivered)
 n - 5 exploding tomahawks
 y - 74 sling bullets
 A - 11 sling bullets of flame
Armour
 k - a +2 cloak (worn)
 m - a +3 scale mail of magic resistance
 o - the +1 pair of gloves of Gravity (worn) {-Cast rPois Regen+ Dex+5}
   (You found it in a labyrinth)

   It affects your dexterity (+5).
   It protects you from poison.
   It prevents spellcasting.
   It increases your rate of regeneration.
 p - the +4 large shield "Efirr" (worn) {rC+}
   (You acquired it on level 7 of the Lair of Beasts)

   It protects you from cold.
 v - a +2 large shield
 M - a +4 plate armour of fire resistance
 O - a +2 pair of boots (worn)
 S - the +1 crystal plate armour of the Slug (worn) {rElec rC+}
   (Okawaru gifted it to you on level 2 of the Snake Pit)

   It protects you from cold.
   It insulates you from electricity.
 V - a +2 pair of gloves of strength
Jewellery
 h - the amulet "Omevos" (around neck) {Gourm rC+ rN+}
   (You found it on level 2 of the Lair of Beasts)

   [amulet of the gourmand]

   It allows you to eat raw meat even when not hungry.
   It protects you from cold.
   It protects you from negative energy.
 u - a ring of the Octopus King (right hand) {rF+ AC+1 EV+1 Str+1 Int+1 Dex+1}
   (You bought it in a shop in a bazaar)

   [ring of protection from fire]

   It affects your AC (+1).
   It affects your evasion (+1).
   It affects your strength (+1).
   It affects your intelligence (+1).
   It affects your dexterity (+1).
   It protects you from fire.
 w - the ring "Tigyozeg" {rPois Str+4}
   (You found it in a labyrinth)

   [ring of poison resistance]

   It affects your strength (+4).
   It protects you from poison.
 C - a ring of protection from magic (left hand)
 D - an uncursed ring of resist corrosion
 W - the ring "Voziupex" {Wiz rF++ Int+6 Slay-2}
   (You acquired it on level 5 of the Lair of Beasts)

   [ring of wizardry]

   It improves your spell success rate.
   It affects your intelligence (+6).
   It affects your accuracy and damage with ranged weapons and melee attacks
   (-2).
   It greatly protects you from fire.
 X - a +3 amulet of reflection
 Y - an uncursed ring of protection from magic
Wands
 G - a wand of iceblast (5/15)
 H - a wand of lightning (9/15)
 L - a wand of disintegration (13/24)
 R - a wand of flame (43/48)
Scrolls
 e - 8 scrolls of identify
 i - 4 scrolls of fear
 x - 4 scrolls of recharging
 B - 2 scrolls of enchant armour
 E - a scroll of brand weapon
 I - 4 scrolls of remove curse
 K - 6 scrolls of fog
 Z - 2 scrolls of magic mapping
Potions
 d - 5 potions of might
 l - 8 potions of curing
 q - 4 potions of brilliance
 s - 2 potions of flight
 J - 5 potions of heal wounds
 Q - 3 potions of agility
Books
 j - a book of Necromancy

   Spells                             Type                      Level
   a - Pain                           Necromancy                   1
   b - Animate Skeleton               Necromancy                   1
   c - Vampiric Draining              Necromancy                   3
   d - Regeneration                   Charms/Necromancy            3
   e - Animate Dead                   Necromancy                   4
   f - Control Undead                 Necromancy                   4
Comestibles
 f - 16 bread rations
 r - 13 slices of pizza
 t - 7 beef jerkies
 z - 10 meat rations
 F - 43 fruits
 T - 13 royal jellies


   Skills:
 + Level 15.0 Fighting
   Level 1.7(11.9) Maces & Flails
   Level 0.2(11.7) Polearms
 + Level 17.4 Staves
 + Level 7.0(8.2) Slings
 + Level 6.0(7.3) Throwing
 + Level 11.3 Armour
 + Level 7.5 Dodging
 + Level 3.5 Stealth
 + Level 17.3 Shields
 + Level 2.8 Invocations
 + Level 0.9 Evocations


You had 17 spell levels left.
You didn't know any spells.

Dungeon Overview and Level Annotations

Branches:
Dungeon (11/15)            Temple (1/1) D:5            Lair (8/8) D:9
 Shoals (0/4) Lair:4        Snake (4/4) Lair:6        Slime (0/6) Lair:8
    Orc (0/2) D:11

Altars:
Ashenzari
Cheibriados
Dithmenos
Elyvilon
Fedhas
Gozag
Kikubaaqudgha
Makhleb
Nemelex Xobeh
Okawaru
Pakellas
Qazlal
Ru
Sif Muna
Trog
Vehumet
Xom
Yredelemnul
Zin
The Shining One

Shops:
D:7 **   Snake:3 :


Innate Abilities, Weirdness & Mutations

You are under a permanent stasis effect.
You can dig through walls and to a lower floor.
Your four strong arms can wield two-handed weapons with a shield.
You have a pair of large antennae on your head (SInv).


Message History

Drink which item? (? for menu, Esc to quit)
You feel better.
The naga sharpshooter mumbles some strange words.
The naga sharpshooter magically shoots a bolt of frost.
You block the bolt of frost. The greater naga closely misses you.
The naga sharpshooter gestures wildly while chanting.
The naga sharpshooter magically shoots an arrow.
You block the arrow. You block the naga mage's attack. x2
The naga mage spits poison at you. You block the splash of poison.
The naga sharpshooter gestures wildly while chanting.
The naga sharpshooter magically shoots a bolt of frost.
You block the bolt of frost.
The naga sharpshooter mumbles some strange words.
The naga sharpshooter magically shoots an arrow of flame.
The arrow of flame hits you but does no damage.
The naga sharpshooter gestures wildly while chanting.
The naga sharpshooter magically shoots an arrow.
The arrow hits you!
You die...

*,,....#{.......#...,*,,,,,,,,
*,,....NN*N........#,,,,,,,,,,
**,...NNN##N..⌠....##,,*,,,,,,
*,,,,,##N))N.N..#..##,,,,,,,*
*,,,,*#[((NNNNN.)...#,{{,,,,*
**,,,,#.[#NNNN.#....#,,{,,,,*
*,,,,#....NN.......#,,{,,,**
***,,#.....(.......#,,,,***
***#.....@.......#*****
####...##...### ##...#).)÷.##
## ###..).....## ###.
#..#......####...
##.#####......... ###
#......... ##...#..... ####
#...###....


You could see a naga warrior, 2 greater nagas, 3 naga sharpshooters, a naga
ritualist, 8 naga magi and 4 nagas.

Vanquished Creatures
  Norris (Snake:3)
  Vashnia (Snake:3)
  2 greater nagas (Snake:4)
  A frost giant (IceCv)
  Maud (Lair:7)
  Aizul (Snake:1)
  A fire dragon (Lair:8)
  A minotaur (Lab)
  Harold (D:10)
  The ghost of sergedm the Eclecticist, a journeyman DESu of Vehumet (Lair:3)
  16 naga warriors
  An ice dragon (Lair:6)
  8 hydras
  6 anacondas
  Erica (D:9)
  14 death yaks
  The ghost of Jano the Destroyer, a novice DrCj of Vehumet (D:8)
  3 shock serpents
  18 naga sharpshooters
  Nergalle (Lair:2)
  A salamander mystic (Snake:4)
  A fire crab (Lair:8)
  5 skeletal warriors (D:11)
  A sea snake (Lair:4)
  6 naga ritualists
  A lindwurm (Lair:3)
  3 hill giants
  9 mana vipers
  4 oklob plants (Lair:8)
  An ugly thing (D:11)
  4 griffons
  8 salamanders
  17 elephants
  34 black mambas
  2 ice statues
  3 guardian serpents
  20 naga magi
  A torpor snail (Lair:4)
  18 spiny frogs
  7 komodo dragons
  2 rime drakes
  A kobold demonologist (D:11)
  An ice devil (Lair:5)
  3 trolls
  A two-headed ogre (D:10)
  27 polar bears
  17 blink frogs
  2 boulder beetles
  2 raiju (Lair:8)
  3 spriggans
  3 wyverns
  3 basilisks
  10 hippogriffs
  62 yaks
  5 hungry ghosts
  A steam dragon (Lair:8)
  31 nagas
  Menkaure (D:7)
  7 wargs (Lair:8)
  2 mottled dragons (Lair:8)
  19 water moccasins
  Duvessa (D:4)
  11 porcupines
  3 swamp drakes (Lair:8)
  8 orc warriors
  3 hell hounds (Lair:8)
  14 black bears
  A sky beast (D:7)
  10 ice beasts
  A phantom (D:10)
  3 wasps
  3 ogres
  5 necrophages
  39 wolves
  7 centaurs
  A big kobold (D:7)
  21 crocodiles
  16 giant frogs
  An earth elemental (Lab)
  A gnoll sergeant (D:10)
  Dowan (D:4)
  A scorpion (D:10)
  11 wights
  5 electric eels
  3 howler monkeys
  3 crimson imps
  2 giant frog zombies
  5 jellies
  15 hounds
  2 quasits
  18 orc wizards
  3 centaur skeletons
  3 centaur zombies
  15 orc priests
  12 iguanas
  9 worker ants
  A killer bee zombie (D:8)
  15 sheep
  A hound zombie (D:6)
  A mummy (D:9)
  3 worker ant zombies
  A howler monkey zombie (D:6)
  4 gnolls (D:10)
  A howler monkey skeleton (D:4)
  14 adders
  32 river rats
  A shadow imp (D:8)
  2 oozes
  An adder zombie (D:10)
  A worm (D:3)
  4 dart slugs
  5 giant geckos
  61 orcs
  15 bats
  2 giant cockroaches
  11 goblins
  3 hobgoblins
  16 jackals
  25 kobolds
  3 quokkas
  4 ball pythons
  A giant cockroach zombie (D:5)
  4 giant newts
  A quokka skeleton (D:9)
  A quokka zombie (D:5)
  12 rats
  A bush (Lair:8)
  A butterfly (Lair:8)
  4 fungi
  4 plants
942 creatures vanquished.

Vanquished Creatures (others)
  2 wolves (IceCv)
  An iguana (Lair:8)
  A quokka skeleton (D:4)
  11 fungi
  14 plants
29 creatures vanquished.

Grand Total: 971 creatures vanquished

Notes
Turn   | Place    | Note
--------------------------------------------------------------
     0 | D:1      | dvd the Formicid Fighter began the quest for the Orb.
     0 | D:1      | Reached XP level 1. HP: 18/18 MP: 1/1
    63 | D:1      | Reached XP level 2. HP: 24/24 MP: 2/2
   259 | D:1      | Reached XP level 3. HP: 30/30 MP: 3/3
  1018 | D:2      | Reached XP level 4. HP: 37/37 MP: 4/4
  1928 | D:3      | Reached XP level 5. HP: 38/42 MP: 5/5
  1994 | D:3      | Reached skill level 1 in Dodging
  2636 | D:4      | Found a glowing golden altar of the Shining One.
  2647 | D:4      | Reached XP level 6. HP: 47/49 MP: 6/6
  2665 | D:4      | Reached skill level 5 in Shields
  2750 | D:4      | Reached skill level 1 in Stealth
  2777 | D:4      | Noticed Dowan
  2779 | D:4      | Noticed Duvessa
  2834 | D:4      | Killed Duvessa
  2846 | D:4      | Killed Dowan
  2846 | D:4      | Reached XP level 7. HP: 22/55 MP: 7/7
  3033 | D:4      | Reached skill level 1 in Throwing
  3300 | D:4      | Noticed a water moccasin
  3321 | D:4      | Killed a water moccasin
  3321 | D:4      | Reached skill level 1 in Maces & Flails
  3323 | D:4      | Reached skill level 5 in Armour
  3653 | D:5      | Entered Level 5 of the Dungeon
  3750 | D:5      | Reached skill level 5 in Fighting
  3750 | D:5      | Reached XP level 8. HP: 58/62 MP: 8/8
  3777 | D:5      | Found a glowing drain.
  3814 | Sewer    | Entered a sewer
  4656 | D:5      | Found a staircase to the Ecumenical Temple.
  4665 | Temple   | Entered the Ecumenical Temple
  5235 | D:6      | Found a deep blue altar of Sif Muna.
  5898 | D:6      | Reached XP level 9. HP: 43/68 MP: 9/9
  6100 | D:6      | Reached skill level 1 in Slings
  6453 | D:7      | Found an iron altar of Okawaru.
  6471 | D:7      | Became a worshipper of Warmaster Okawaru
  6500 | D:7      | Noticed Menkaure
  6506 | D:7      | Killed Menkaure
  6534 | D:7      | Reached skill level 5 in Staves
  6555 | D:7      | Found Yhusahe's General Store.
  6580 | D:7      | Found a stormy altar of Qazlal.
  6735 | D:7      | Reached * piety under Okawaru
  6924 | D:7      | Found a shimmering altar of Xom.
  7008 | D:7      | Reached XP level 10. HP: 72/77 MP: 10/10
  7329 | D:7      | Found an ancient bone altar of Kikubaaqudgha.
  7365 | D:7      | Found Tidonuaw's Assorted Antiques.
  7581 | D:8      | Noticed Jano's ghost (novice DrCj)
  7599 | D:8      | Killed Jano's ghost
  7599 | D:8      | Reached ** piety under Okawaru
  7838 | D:8      | Found a sacrificial altar of Ru.
  7909 | D:8      | Noticed a hill giant
  7917 | D:8      | Killed a hill giant
  7917 | D:8      | Reached skill level 5 in Dodging
  8094 | D:8      | Found a deep blue altar of Sif Muna.
  8151 | D:8      | Reached *** piety under Okawaru
  8754 | D:9      | Noticed Erica
  8761 | D:9      | Killed Erica
  8761 | D:9      | Reached XP level 11. HP: 79/86 MP: 11/11
  8763 | D:9      | Found a shattered altar of Ashenzari.
  8906 | D:9      | Found a snail-covered altar of Cheibriados.
  8933 | D:9      | Found a staircase to the Lair.
  8963 | D:9      | Reached **** piety under Okawaru
  8972 | D:9      | Noticed a hill giant
  8982 | D:9      | Killed a hill giant
  9453 | D:10     | Entered Level 10 of the Dungeon
  9453 | D:10     | Noticed Harold
  9474 | D:10     | Killed Harold
  9748 | D:10     | Received a gift from Okawaru
  9858 | D:10     | Reached ***** piety under Okawaru
 10012 | D:10     | Reached skill level 10 in Staves
 10012 | D:10     | Reached XP level 12. HP: 94/94 MP: 12/12
 10482 | D:11     | Noticed a skeletal warrior
 10482 | D:11     | Noticed a skeletal warrior
 10504 | D:11     | Killed a skeletal warrior
 10504 | D:11     | Reached skill level 10 in Shields
 10509 | D:11     | Noticed a skeletal warrior
 10510 | D:11     | Killed a skeletal warrior
 10511 | D:11     | Noticed a skeletal warrior
 10511 | D:11     | Noticed a skeletal warrior
 10525 | D:11     | Killed a skeletal warrior
 10528 | D:11     | Killed a skeletal warrior
 10535 | D:11     | Killed a skeletal warrior
 10535 | D:11     | Received a gift from Okawaru
 10599 | D:11     | Reached skill level 10 in Fighting
 10698 | D:11     | Received a gift from Okawaru
 10885 | D:11     | Found an ancient bone altar of Kikubaaqudgha.
 10951 | D:11     | Found a staircase to the Orcish Mines.
 11544 | Lair:1   | Entered Level 1 of the Lair of Beasts
 11785 | Lair:1   | Found a labyrinth entrance.
 11796 | Lab      | Entered a labyrinth
 12012 | Lab      | Noticed a minotaur
 12024 | Lab      | Killed a minotaur
 12024 | Lab      | Reached XP level 13. HP: 101/104 MP: 10/13
 12040 | Lab      | Got a pair of smoking gloves
 12051 | Lab      | Identified the +1 pair of gloves of Gravity {-Cast rPois Regen+ Dex+5} (You found it in a labyrinth)
 12056 | Lab      | Got a clouded brass ring
 12058 | Lab      | Identified the ring "Tigyozeg" {rPois Str+4} (You found it in a labyrinth)
 13043 | Lair:2   | Noticed Nergalle
 13070 | Lair:2   | Killed Nergalle
 13179 | Lair:2   | You fall through a shaft!
 13196 | Lair:3   | Reached skill level 1 in Invocations
 13288 | Lair:3   | Noticed sergedm's ghost (journeyman DESu)
 13300 | Lair:3   | Killed sergedm's ghost
 13300 | Lair:3   | Received a gift from Okawaru
 13817 | Lair:2   | Got a clouded emerald amulet
 13819 | Lair:2   | Identified the amulet "Omevos" {Gourm rC+ rN+} (You found it on level 2 of the Lair of Beasts)
 14312 | Lair:4   | Found a staircase to the Shoals.
 14422 | Lair:4   | Noticed an eight-headed hydra
 14439 | Lair:4   | Killed a 12-headed hydra
 14439 | Lair:4   | Received a gift from Okawaru
 14442 | Lair:4   | Got a twisted scale mail {god gift}
 14453 | Lair:4   | Identified the +0 scale mail of Hedging {MR++} (Okawaru gifted it to you on level 4 of the Lair of Beasts)
 14738 | Lair:4   | Noticed a seven-headed hydra
 14743 | Lair:4   | Noticed a four-headed hydra
 14755 | Lair:4   | Killed a seven-headed hydra
 14755 | Lair:4   | Reached XP level 14. HP: 88/114 MP: 15/15
 15588 | Lair:5   | Reached ****** piety under Okawaru
 15732 | Lair:5   | Received a gift from Okawaru
 16097 | Lair:5   | Identified 2 scrolls of acquirement
 16103 | Lair:5   | Got a smoking gossamer ring
 16105 | Lair:5   | Identified the ring "Voziupex" {Wiz rF++ Int+6 Slay-2} (You acquired it on level 5 of the Lair of Beasts)
 16206 | Lair:5   | Reached skill level 10 in Armour
 16848 | Lair:6   | Found a staircase to the Snake Pit.
 17024 | Lair:6   | Found a frozen archway.
 17081 | IceCv    | Entered an ice cave
 17194 | IceCv    | Reached XP level 15. HP: 122/122 MP: 16/16
 17600 | IceCv    | Noticed a frost giant
 17638 | IceCv    | Killed a frost giant
 17638 | IceCv    | Received a gift from Okawaru
 17722 | IceCv    | Gained mutation: Your flesh is heat resistant. [potion of mutation]
 17722 | IceCv    | Gained mutation: Your mind is acute. (Int +2) [potion of mutation]
 17722 | IceCv    | Gained mutation: Your body sometimes deteriorates upon taking damage. [potion of mutation]
 18638 | Lair:7   | Reached skill level 15 in Staves
 18934 | Lair:7   | Received a gift from Okawaru
 18977 | Lair:7   | Noticed Maud
 18991 | Lair:7   | Killed Maud
 19302 | Lair:7   | Got a distressingly furry large shield
 19313 | Lair:7   | Identified the +4 large shield "Efirr" {rC+} (You acquired it on level 7 of the Lair of Beasts)
 19569 | Lair:8   | Entered Level 8 of the Lair of Beasts
 19901 | Lair:8   | Received a gift from Okawaru
 19901 | Lair:8   | Reached XP level 16. HP: 98/132 MP: 17/17
 19916 | Lair:8   | Lost mutation: Your body sometimes deteriorates upon taking damage. [potion of cure mutation]
 19916 | Lair:8   | Lost mutation: Your mind is acute. (Int +2) [potion of cure mutation]
 19916 | Lair:8   | Lost mutation: Your flesh is heat resistant. [potion of cure mutation]
 20710 | Lair:8   | Found a staircase to the Slime Pits.
 21354 | Snake:1  | Entered Level 1 of the Snake Pit
 21368 | Snake:1  | Reached skill level 5 in Slings
 21587 | Snake:1  | Reached skill level 15 in Shields
 21609 | Snake:1  | Noticed Aizul
 21643 | Snake:1  | Killed Aizul
 21643 | Snake:1  | Reached skill level 5 in Throwing
 21785 | Snake:1  | Received a gift from Okawaru
 22255 | Snake:2  | Reached XP level 17. HP: 139/139 MP: 18/18
 22635 | Snake:2  | Found a gateway to a bazaar.
 22643 | Snake:2  | Received a gift from Okawaru
 22646 | Snake:2  | Got a crude crystal plate armour {god gift}
 22668 | Snake:2  | Identified the +1 crystal plate armour of the Slug {rElec rC+} (Okawaru gifted it to you on level 2 of the Snake Pit)
 22699 | Bazaar   | Entered a bazaar
 22699 | Bazaar   | Found Qouloyclipewk's General Store.
 22699 | Bazaar   | Found Cyumomib's Antique Armour Shoppe.
 22699 | Bazaar   | Found Baroynuwk's Book Emporium.
 22699 | Bazaar   | Found Eqybre's Jewellery Emporium.
 22715 | Bazaar   | Bought a ring of the Octopus King {rF+ AC+1 EV+1 Str+1 Int+1 Dex+1} for 373 gold pieces
 23064 | Snake:3  | Noticed Vashnia
 23149 | Snake:3  | Noticed Norris
 23152 | Snake:3  | Killed Vashnia
 23181 | Snake:3  | Killed Norris
 23367 | Snake:3  | Found Xeqewk's Book Shoppe.
 24192 | Snake:4  | Entered Level 4 of the Snake Pit
 24604 | Snake:4  | Reached XP level 18. HP: 148/148 MP: 19/19
 25093 | Snake:4  | Received a gift from Okawaru
 25154 | Snake:4  | Reached skill level 15 in Fighting
 25177 | Snake:4  | HP: 2/149 [greater naga/bolt of poison (21)]
 25179 | Snake:4  | Shot with an arrow by a naga sharpshooter

Vault maps used:
D:1:      lemuel_arrival_muddy, minmay_misc_feat_iff
D:2:      amethyst_killhole
D:3:      lemuel_another_geyser
D:4:      old_standard_altar, guppyfry_early_lair_pool, uniq_duvessa
D:5:      first_bread, portal_sewer_entry_c
D:6:      kennysheep_six_static_rooms, led_sif_book
D:7:      nicolae_overflow_hidden_temple, kennysheep_mini_moat,
          marbit_many_paths, serial_shops, shop, shop, basic_altar,
          uniq_menkaure
D:8:      old_standard_altar, lemuel_round_altar
D:9:      evilmike_ruin_ashenzari, slow_altar_2, due_lair_maze_entry_diamond,
          serial_curves, eino_curves_02, eino_curves_03, uniq_erica
D:10:     serial_undead, serial_undead_f, serial_undead_e, serial_undead_b,
          serial_undead_e, serial_undead_e, serial_undead_f, serial_undead_d,
          uniq_harold
D:11:     hiddenorc2_lemuel, basic_altar, grunt_pizzeria,
          minmay_misc_feat_diagonals
Temple:   circular_temple_12
Lair:1:   lab_entry_generic, nicolae_quartered_pool_medium
Lair:2:   serial_bayou_lagoon_b, serial_bayou_shore_b, lemuel_fruit_tree,
          uniq_nergalle
Lair:4:   minmay_shoals_entry_centaurs, forest_entry_grove
Lair:5:   ice2_lemuel, grunt_megastairs_4
Lair:6:   guppyfry_snake_entry_garden, portal_ice_cave_entry_dragon
Lair:7:   wad_woods_river_03, serial_bayou_shore_a, uniq_maud
Lair:8:   guppyfry_lair_end_dragon, hangedman_lair_caniforms_friends,
          slime_dummy, dpeg_oklob_1, lemuel_fruit_fields, serial_bayou_shore_b
Snake:1:  uniq_aizul
Snake:2:  serial_shops, bzr_entry_dummy, st_stairs_6, spider_trap
Snake:3:  serial_shops, shop, uniq_vashnia, uniq_norris
Snake:4:  snake_pit
Lab:      labyrinth_spiral, labyrinth_lava_lair, labyrinth_skeletal_remains,
          nicolae_lab_big_swirl, lab_fountain, nicolae_lab_plus,
          nicolae_lab_checkerboard
Bazaar:   bazaar_minmay_row
Sewer:    kennysheep_pipe_town
IceCv:    ice_cave_caverns_01

Skill      XL: |  1  2  3  4  5  6  7  8  9 10 11 12 13 14 15 16 17 18 |
---------------+-------------------------------------------------------+-----
Shields        | 4 5 6 7 8 9 11 12 13 14 15 16 17 | 17.3
Fighting       | 4 5 6 8 9 10 11 12 13 14 15 | 15.0
Dodging        | 1 2 3 4 5 6 7 |  7.5
Armour         | 4 5 6 7 8 9 10 11 | 11.3
Stealth        | 1 2 3 |  3.5
Staves         | 3 6 8 10 11 12 14 15 16 17 | 17.4
Throwing       | 1 2 3 5 6 |  6.0
Maces & Flails | 1 |  1.7
Slings         | 2 3 6 7 |  7.0
Invocations    | 1 2 |  2.8
Polearms       | |  0.2
Evocations     | |  0.9

Action                   |  1- 3 |  4- 6 |  7- 9 | 10-12 | 13-15 | 16-18 || total
-------------------------+-------+-------+-------+-------+-------+-------++-------
Melee: Quarterstaff      |    90 |   144 |     2 |       |    82 |       ||   318
       Mace              |       |    64 |   211 |       |       |       ||   275
       Lajatang          |       |       |   216 |   682 |  1176 |  1233 ||  3307
       Halberd           |       |       |       |       |     4 |       ||     4
 Fire: Hunting sling     |       |     6 |    17 |       |     6 |    37 ||    66
Throw: Tomahawk          |     6 |     9 |     9 |     3 |     7 |     5 ||    39
       Stone             |       |     1 |     2 |       |       |       ||     3
Invok: Heroism           |       |       |       |     9 |     7 |     7 ||    23
       Finesse           |       |       |       |       |       |     2 ||     2
 Abil: Dig               |       |     2 |     4 |     7 |       |     3 ||    16
Evoke: Wand              |       |       |     3 |       |       |       ||     3
  Use: Scroll            |       |       |    12 |     5 |    22 |     1 ||    40
       Potion            |       |       |       |    10 |     6 |    13 ||    29
 Stab: Sleeping          |       |       |       |     1 |       |       ||     1
       Distracted        |       |       |       |       |     1 |       ||     1
       Confused          |       |       |       |       |     1 |       ||     1
  Eat: Chunk             |       |     7 |    13 |    16 |    41 |    17 ||    94
       Pizza             |       |       |     1 |     1 |       |       ||     2
       Meat ration       |       |       |     2 |       |       |     1 ||     3
       Royal jelly       |       |       |       |       |     1 |       ||     1
